 Dungeon Crawl Stone Soup version 0.30-a0-297-g0ec75d9ef4 (webtiles) character file.

Game seed: 5611449217986868903

4784 Iusername the Fighter (level 10, -5/93 HPs)
             Began as a Minotaur Fighter on Oct 19, 2022.
             Was an Initiate of Gozag.
             Slain by a swamp worm (12 damage)
             ... on level 8 of the Dungeon.
             The game lasted 00:14:38 (9232 turns).

Iusername the Fighter (Minotaur Fighter)            Turns: 9232, Time: 00:14:39

Health: -5/93      AC: 15    Str: 31    XL:     10   Next: 24%
Magic:  0/9        EV: 10    Int:  5    God:    Gozag
Gold:   1625       SH: 14    Dex: 10    Spells: 9/9 levels left

rFire   . . .      SeeInvis +    a - +2 war axe
rCold   . . .      Faith    .    c - +0 buckler
rNeg    . . .      Spirit   +    b - +1 scale mail
rPois   .          Reflect  .    (helmet restricted)
rElec   .          Harm     .    G - +0 cloak
rCorr   +          Rampage  .    (no gloves)
Will    .....                    (no boots)
Stlth   +.........               k - brooch of Shielding {Spirit SH+8}
HPRegen 0.35/turn                o - +4 ring of protection
MPRegen 0.11/turn                C - ring "Ibet" {Drain rCorr Str+6 SInv Stlth+}

@: gold aura, very slow
A: horns 2, retaliatory headbutt
a: Renounce Religion, Potion Petition, Call Merchant, Bribe Branch


You were on level 8 of the Dungeon.
You worshipped Gozag.
Gozag was most pleased with you.
You visited 1 branch of the dungeon, and saw 8 of its levels.
You also visited: Sewer.

You collected 1647 gold pieces.
You paid 22 gold pieces to Gozag.

Inventory:

Hand Weapons
 a - a +2 war axe (weapon)
 M - a +0 battleaxe
Missiles
 y - 15 boomerangs (quivered)
 F - 2 throwing nets
Armour
 b - a +1 scale mail (worn)
 c - a +0 buckler (worn)
 G - a +0 cloak (worn)
Jewellery
 d - a ring of flight
 h - a +4 ring of evasion
 k - the brooch of Shielding (around neck) {Spirit SH+8}
   (You acquired it on level 8 of the Dungeon)

   [amulet of guardian spirit]

   It causes incoming damage to be divided between your reserves of health and
   magic.
   SH:        It affects your SH (+8).
 o - a +4 ring of protection (left hand)
 C - the ring "Ibet" (right hand) {Drain rCorr Str+6 SInv Stlth+}
   (You acquired it on level 8 of the Dungeon)

   [ring of strength]

   Str:       It affects your strength (+6).
   SInv:      It lets you see invisible.
   rCorr:     It protects you from acid and corrosion.
   Drain:     It drains your maximum health when unequipped.
   Stlth:     It makes you more stealthy.
Wands
 s - a wand of paralysis (7)
 x - a wand of mindburst (3)
 A - a wand of digging (6)
Scrolls
 e - 4 scrolls of identify
 f - 2 scrolls of teleportation
 j - a scroll of enchant armour
 m - a scroll of blinking
 p - 3 scrolls of fear
 q - a scroll of butterflies
 w - 2 scrolls of immolation
 L - a scroll of magic mapping {unknown}
Potions
 g - 3 potions of invisibility {unknown}
 i - 3 potions of lignification {unknown}
 l - 3 potions of curing
 n - 4 potions of berserk rage {unknown}
 r - 2 potions of attraction {unknown}
 t - 4 potions of brilliance
 u - 2 potions of mutation {unknown}
 v - 7 potions of heal wounds
 z - 2 potions of degeneration {unknown}
 B - a potion of magic {unknown}
 J - 2 potions of cancellation {unknown}


   Skills:
 + Level 9.8 Fighting
 + Level 9.4 Axes
 + Level 9.8 Armour
 + Level 9.7 Shields


You had 9 spell levels left.
You didn't know any spells.
Your spell library contained the following spells:

 Spells                   Type           Power      Damage    Failure   Level
 Necrotise                Necr           0%         1d4       75%         1
 Shock                    Conj/Air       0%         1d3       75%         1
 Slow                     Hex            0%         N/A       75%         1
 Confusing Touch          Hex            0%         N/A       98%         3
 Dazzling Flash           Conj/Hex       0%         N/A       98%         3
 Ozocubu's Armour         Ice            0%         N/A       98%         3
 Swiftness                Air            0%         N/A       98%         3
 Vampiric Draining        Necr           0%         2d6       98%         3
 Airstrike                Air            0%         2d(0-16)  100%        4
 Animate Armour           Summ/Erth      0%         N/A       100%        4
 Agony                    Necr           0%         N/A       100%        5
 Blade Hands              Tmut           0%         N/A       100%        5
 Metabolic Englaciation   Hex/Ice        0%         N/A       100%        5
 Silence                  Hex/Air        0%         N/A       100%        5
 Iron Shot                Conj/Erth      0%         9d1       100%        6
 Simulacrum               Ice/Necr       Unusable   N/A       N/A         6

Dungeon Overview and Level Annotations

Branches:
Dungeon (8/15)             Temple (0/1) D:6           Sewer (visited)
   Lair: D:8-11

Altars:
Gozag
Makhleb
Okawaru
Ru
Sif Muna
Trog
Uskayaw
Vehumet

Shops:
D:6 (


Innate Abilities, Weirdness & Mutations

You have a pair of horns on your head.
You reflexively headbutt those who attack you in melee.


Message History

You closely miss the swamp worm. You headbutt the swamp worm!
The swamp worm is severely wounded.
You barely miss the swamp worm.
The swamp worm bites you but does no damage. x2
You hit the swamp worm.
You headbutt the swamp worm, but do no damage.
The swamp worm is almost dead.
You slash the swamp worm! The swamp worm bites you!!
You block the swamp worm's attack.
Your unstable footing causes you to fumble your attack.
The swamp worm bites you. The swamp worm bites you!
Your unstable footing causes you to fumble your attack.
You block the swamp worm's attack. The swamp worm bites you.
The swamp worm bites you!
The swamp worm bites you but does no damage.
You miss the swamp worm. Your headbutt misses the swamp worm.
The swamp worm is almost dead.
You hit the swamp worm. You block the swamp worm's attack. x2
Your unstable footing causes you to fumble your attack.
You block the swamp worm's attack. The swamp worm closely misses you.
Your unstable footing causes you to fumble your attack.
The swamp worm bites you but does no damage.
The swamp worm closely misses you. You furiously retaliate!
You headbutt the swamp worm! You slice the swamp worm!!
You kill the swamp worm!
You barely miss the swamp worm. The swamp worm bites you!
* * * LOW HITPOINT WARNING * * *
Found a shiny helmet.
You block the swamp worm's attack. x2
You see here 7 gold pieces.
You block the swamp worm's attack. x2
Your unstable footing causes you to fumble your attack.
You block the swamp worm's attack.
You closely miss the swamp worm. You headbutt the swamp worm.
The swamp worm is almost dead.
The swamp worm bites you!
* * * LOW HITPOINT WARNING * * *
The swamp worm bites you!
You die...
Your body crumbles into a pile of gold.

....###.# ##..#####.###..####....
##...>?.###.[##...<.###.####..###
##.###......###.#.......# #..##
....##.#...~~~~~[.#########.##
###.#.....~~≈~≈~~### #..#
#.####~~~~###~~~~## ###.##
#.###~~≈###~###≈~~# #...######
#...)~≈##~|~~~#w~~# #.#...#...
#.#.#~~#[~~~~~@$~~# #.........
###.#.#~≈##~~~~~#~~~####.........
#...#.#~~~###~###≈~~.............
.....###~~~~###~~~~##............
≈≈≈§...#..~~≈~≈~~.....#.#........
§..≈.......~~~~~##.#....##...#...
≈..≈.............#..^############
.≈.≈.............#...##
.≈...............#....####


You could see a swamp worm.

Vanquished Creatures
  Pikel (D:4)
  Maggie (D:7)
  5 yaks (D:8)
  Grum (D:8)
  A steam dragon (D:7)
  Menkaure (D:7)
  A swamp worm (D:8)
  A water moccasin (D:5)
  2 ice beasts
  An orc warrior (D:6)
  4 wolves (D:8)
  2 ogres
  A centaur (D:4)
  2 lemures
  A phantom (D:5)
  6 kobold brigands
  4 scorpions
  5 wights (D:8)
  4 killer bees (D:8)
  A howler monkey (D:6)
  A jelly (D:5)
  3 hounds
  Crazy Yiuf (D:4)
  A gnoll bouda (D:7)
  5 iguanas
  Ijyb (D:4)
  A scorpion zombie (D:3)
  3 orc wizards
  A hound zombie (D:3)
  Robin (D:4)
  10 adders
  4 gnolls
  A white imp (D:7)
  An ufetubus (D:7)
  An adder skeleton (D:3)
  An adder zombie (D:3)
  3 worms
  2 dart slugs
  7 orcs
  8 endoplasms
  5 giant cockroaches
  11 hobgoblins
  7 quokkas
  10 ball pythons
  2 ball python zombies (D:3)
  7 bats
  5 frilled lizards
  13 goblins
  48 kobolds
  14 rats
223 creatures vanquished.

Vanquished Creatures (others)
  28 plants
  A withered plant (D:3)
29 creatures vanquished.

Grand Total: 252 creatures vanquished

Notes
Turn   | Place    | Note
-------+----------+-------------------------------------------
     0 | D:1      | Iusername the Minotaur Fighter began the quest for the Orb.
     0 | D:1      | Reached XP level 1. HP: 19/19 MP: 0/0
   144 | D:1      | Reached XP level 2. HP: 27/27 MP: 1/1
   907 | D:2      | Reached XP level 3. HP: 33/33 MP: 2/2
  1033 | D:2      | Found an opulent altar of Gozag.
  1060 | D:2      | Became a worshipper of Gozag Ym Sagoz the Greedy
  1223 | D:3      | Reached XP level 4. HP: 38/40 MP: 3/3
  1610 | D:3      | Reached XP level 5. HP: 46/47 MP: 4/4
  1630 | D:3      | Found an iron altar of Okawaru.
  2142 | D:4      | Reached skill level 5 in Fighting
  2142 | D:4      | Reached skill level 5 in Armour
  2142 | D:4      | Reached skill level 5 in Shields
  2505 | D:4      | Noticed Ijyb
  2512 | D:4      | Killed Ijyb
  2513 | D:4      | Reached XP level 6. HP: 56/56 MP: 5/5
  2737 | D:4      | Noticed Robin
  2749 | D:4      | Killed Robin
  3049 | D:4      | Noticed Pikel
  3068 | D:5      | Entered Level 5 of the Dungeon
  3471 | D:5      | Reached skill level 5 in Axes
  3842 | D:5      | Reached XP level 7. HP: 55/62 MP: 6/6
  5013 | D:4      | Killed Pikel
  5014 | D:4      | Reached XP level 8. HP: 14/73 MP: 7/7
  5519 | D:4      | Found a runed translucent door.
  5520 | D:4      | Noticed Crazy Yiuf
  5525 | D:4      | Killed Crazy Yiuf
  5669 | D:6      | Found Vyluwaul's Antique Weapon Shoppe.
  5680 | D:6      | Found a glowing drain.
  5761 | Sewer    | Entered a sewer
  6097 | D:6      | You fall into a shaft and drop 2 floors!
  6099 | D:8      | Found a shimmering blue altar of Sif Muna.
  6141 | D:7      | Noticed Maggie
  6156 | D:7      | Killed Maggie
  6157 | D:7      | Reached XP level 9. HP: 29/81 MP: 8/8
  6670 | D:6      | Found a burning altar of Makhleb.
  6687 | D:6      | Found a staircase to the Ecumenical Temple.
  7497 | D:7      | Found a sacrificial altar of Ru.
  7525 | D:7      | Found a radiant altar of Vehumet.
  7779 | D:7      | Noticed Menkaure
  7786 | D:7      | Killed Menkaure
  8138 | D:7      | Found a hide-covered altar of Uskayaw.
  8220 | D:8      | Found an opulent altar of Gozag.
  8288 | D:8      | Noticed Grum
  8306 | D:8      | Noticed a moth of wrath
  8319 | D:8      | Killed Grum
  8636 | D:8      | Reached XP level 10. HP: 65/91 MP: 9/9
  9032 | D:8      | Identified 2 scrolls of acquirement
  9032 | D:8      | Acquired the brooch of Shielding {Spirit SH+8}
  9032 | D:8      | Found the brooch of Shielding {Spirit SH+8}
  9033 | D:8      | Acquired the ring "Ibet" {Drain rCorr Str+6 SInv Stlth+}
  9132 | D:8      | Found a bloodstained altar of Trog.
  9232 | D:8      | Slain by a swamp worm

Illustrated notes

Levels and vault maps discovered:
D:1:      dpeg_arrival_chambers_temple_mockup, layout_basic, nrook_uturn
D:2:      layout_rooms, basic_altar
D:3:      layout_loops_cross, okawaru_altar_gauntlet_db, serial_undead,
          serial_undead_b, serial_undead_d, serial_undead_f, serial_undead_e,
          serial_undead_c, grunt_ministairs_12
D:4:      layout_loops_ring, lexackson_kobold_supper, uniq_crazy_yiuf_cottage,
          uniq_pikel, uniq_ijyb, uniq_robin
D:5:      layout_cave_pools, kennysheep_small_circle
D:6:      layout_basic, mainiacjoe_overflow_surrounded_room,
          minmay_temple_entry_junction, cheibrodos_sewer_entry_drain,
          serial_shops, shop, kennysheep_doodads
D:7:      layout_basic, nicolae_ru_path_of_blood, lemuel_coloured_pillars_altar,
          old_standard_altar, uniq_maggie, uniq_menkaure
D:8:      layout_rooms, mainiacjoe_overflow_concentric_impassable,
          mainiacjoe_overflow_paths, tgw_trog, worms_lemuel, uniq_grum

Skill      XL: |  1  2  3  4  5  6  7  8  9 |
---------------+----------------------------+-----
Shields        | 4 5 7 8 9 |  9.7
Fighting       | 4 5 7 8 9 |  9.8
Armour         | 4 5 7 8 9 |  9.8
Axes           | 3 4 5 6 7 9 |  9.4

Action                   |  1- 3 |  4- 6 |  7- 9 | 10-12 || total
-------------------------+-------+-------+-------+-------++-------
Melee: War axe           |    71 |   153 |   276 |    55 ||   555
       Headbutt          |     8 |    15 |    49 |    13 ||    85
Throw: Boomerang         |       |     2 |       |       ||     2
  Use: Scroll            |       |     4 |     6 |     6 ||    16
       Potion            |       |     2 |     5 |       ||     7
 Stab: Distracted        |       |       |     1 |       ||     1
Armor: Scale mail        |    27 |    64 |    78 |    12 ||   181
Dodge: Dodged            |    31 |    68 |   187 |    37 ||   323
Block: Buckler           |    17 |    40 |    79 |    21 ||   157

Table legend: (Time is in decaauts)
 A = Elapsed time spent in this place.
 B = Non-inter-level travel time spent in this place.
 C = Inter-level travel time spent in this place.
 D = Time resting spent in this place.
 E = Time spent auto-exploring this place.
 F = Levels seen in this place.
 G = Mean time per level.
                   A        B        C        D        E       F      G
               +--------+--------+--------+--------+--------+-----+--------+
         Total |   9405 |   9166 |    239 |   3026 |   4551 |   9 | 1045.0 |
       Dungeon |   9037 |   8798 |    239 |   3026 |   4285 |   8 | 1129.6 |
         Sewer |    367 |    367 |      0 |      0 |    266 |   1 |  367.0 |
               +--------+--------+--------+--------+--------+-----+--------+

Top non-repeatable levels by time:
     D:4: 1934 daAuts
     D:5: 1715 daAuts
     D:7: 1507 daAuts
     D:8: 1040 daAuts
     D:6: 813 daAuts
     D:3: 783 daAuts
     D:1: 773 daAuts
     D:2: 470 daAuts
   Sewer: 367 daAuts
